 Dungeon Crawl Stone Soup version 0.20.1-1-g8b1a95d (webtiles) character file.

305 vineage the Slasher (level 6, -2/48 HPs)
             Began as a Demonspawn Berserker on Aug 3, 2017.
             Was an Initiate of Okawaru.
             Slain by a black bear (3 damage)
             ... created by the rage of Trog
             ... on level 4 of the Dungeon.
             The game lasted 00:07:41 (2736 turns).

vineage the Slasher (Demonspawn Berserker)          Turns: 2736, Time: 00:07:42

Health: -2/48      AC:  9    Str: 19    XL:     6   Next: 16%
Magic:  0/6        EV: 10    Int:  9    God:    Okawaru [......]
Gold:   161        SH:  0    Dex: 12    Spells: 5/5 levels left

rFire    . . .     SeeInvis .   a - +0 falchion
rCold    . . .     Gourm    .   (no shield)
rNeg     . . .     Faith    .   g - +0 scale mail
rPois    .         Spirit   +   (no helmet)
rElec    .         Reflect  .   i - +0 cloak
rCorr    .         Harm     .   (no gloves)
MR       .....                  (no boots)
Stlth    ..........             (no amulet)
Regen    0.2/turn               (no ring)
MPRegen  0.1/turn               (no ring)

@: no status effects
A: iridescent scales 1, magic shield, rot immunity
a: Renounce Religion


You were on level 4 of the Dungeon.
You worshipped Okawaru.
Okawaru was noncommittal.
You were very hungry.

You visited 1 branch of the dungeon, and saw 4 of its levels.

You collected 161 gold pieces.

Inventory:

Hand Weapons
 a - a +0 falchion (weapon)
 f - a -1 spear
Armour
 b - a +0 animal skin
 g - a +0 scale mail (worn)
 i - a +0 cloak (worn)
Jewellery
 k - a +1 ring of evasion {unknown}
Scrolls
 l - a scroll of identify
Potions
 d - a potion of haste
 e - a potion of heal wounds
Comestibles
 c - 5 bread rations
 h - 2 meat rations
 j - a fruit


   Skills:
 + Level 4.2 Fighting
 + Level 4.4 Long Blades
 + Level 3.1 Armour
 + Level 2.6 Dodging
 + Level 0.6 Stealth


You had 5 spell levels left.
You didn't know any spells.

Dungeon Overview and Level Annotations

Branches:
Dungeon (4/15)
 Temple: D:4-7

Altars:
Cheibriados
Elyvilon
Fedhas
Okawaru
Zin


Innate Abilities, Weirdness & Mutations

You are partially covered in iridescent scales. (AC +2)
When hurt, damage is shared between your health and your magic reserves.
You are immune to rotting.


Message History

You hit the black bear but do no damage.
The black bear is lightly wounded.
The black bear closely misses you.
You riposte.
You barely miss the black bear. The black bear barely misses you.
The black bear claws you but does no damage.
The black bear bites you.
* * * LOW HITPOINT WARNING * * *
The black bear claws you.
* * * LOW HITPOINT WARNING * * *
The black bear claws you but does no damage.
The black bear bites you.
* * * LOW HITPOINT WARNING * * *
The black bear closely misses you.
The black bear claws you but does no damage.
You hit the black bear.
The black bear is moderately wounded.
The black bear bites you!
* * * LOW HITPOINT WARNING * * *
The black bear claws you.
You die...

######.###.#...#.########
#...........#
#####.......# ####....#
#.#### #(# #(#
########)## #.h@hh.)(.#
#.######..# # #..# ...#
#.(.# ..(.. .....##
...... #?....#


You could see 3 black bears.

Vanquished Creatures
  A bullfrog (D:3)
  An orc wizard (D:3)
  Robin (D:4)
  3 gnolls (D:3)
  6 adders
  An adder skeleton (D:4)
  6 worms
  3 dart slugs
  A leopard gecko (D:1)
  6 orcs (D:3)
  8 bats
  4 giant cockroaches
  19 goblins
  6 hobgoblins
  3 jackals (D:3)
  3 quokkas
  2 ball pythons
  4 frilled lizards
  10 kobolds
  3 rats
91 creatures vanquished.

Vanquished Creatures (others)
  A goblin (D:4)
1 creature vanquished.

Grand Total: 92 creatures vanquished

Notes
Turn   | Place    | Note
-------+----------+-------------------------------------------
     0 | D:1      | vineage the Demonspawn Berserker began the quest for the Orb.
     0 | D:1      | Reached XP level 1. HP: 18/18 MP: 1/1
    36 | D:1      | Gained mutation: You are partially covered in iridescent scales. (AC +2) [demonic ancestry]
    36 | D:1      | Reached XP level 2. HP: 13/24 MP: 2/2
   265 | D:1      | Found a snail-covered altar of Cheibriados.
   290 | D:2      | Found a white marble altar of Elyvilon.
   411 | D:2      | Gained mutation: You are immune to rotting. [demonic ancestry]
   411 | D:2      | Reached XP level 3. HP: 29/29 MP: 3/3
   436 | D:2      | Reached ** piety under Trog
   463 | D:2      | Found a blossoming altar of Fedhas.
   931 | D:2      | Reached XP level 4. HP: 30/37 MP: 4/4
  1109 | D:3      | Found an iron altar of Okawaru.
  1118 | D:3      | Fell from the grace of Trog
  1118 | D:3      | Became a worshipper of Warmaster Okawaru
  1483 | D:3      | Reached XP level 5. HP: 28/42 MP: 5/5
  2381 | D:3      | Found a glowing silver altar of Zin.
  2474 | D:3      | Gained mutation: When hurt, damage is shared between your health and your magic reserves. [demonic ancestry]
  2474 | D:3      | Reached XP level 6. HP: 29/48 MP: 6/6
  2663 | D:4      | Noticed Robin
  2700 | D:4      | Killed Robin
  2736 | D:4      | HP: 1/48 [black bear[the rage of Trog] (9)]
  2736 | D:4      | Slain by a black bear

Skill      XL: |  1  2  3  4  5 |
---------------+----------------+-----
Long Blades    | 3 4 |  4.4
Armour         | 2 3 |  3.1
Dodging        | 2 |  2.6
Fighting       | 4 |  4.2
Stealth        | |  0.6

Action                   |  1- 3 |  4- 6 || total
-------------------------+-------+-------++-------
Melee: Falchion          |   126 |   219 ||   345
  Use: Scroll            |       |     8 ||     8
       Potion            |       |     5 ||     5
 Stab: Sleeping          |     1 |       ||     1
  Eat: Bread ration      |       |     1 ||     1
       Fruit             |       |     1 ||     1
Armor: Animal skin       |    13 |       ||    13
       Scale mail        |    50 |   156 ||   206
Dodge: Dodged            |    85 |   189 ||   274
       Rpst.: Falchion   |    25 |    38 ||    63
